Map: Blackburn LE

Players

Discode

  • Race: Terran Terran
  • League: Diamond
  • Spawn Location: 7:00

Pumba - Winner!

  • Race: Zerg Zerg
  • League: Diamond
  • Spawn Location: 5:00

VOD

Have the link to the VOD?

Description

Time

  • Played on: Aug. 17, 2021, 6:25 p.m.
  • Length: 10:43
Show
View Real Time Build Order
Export as new Build Order

Discode Terran 

Build Orders: Reaper Expand, Hellion Banshee 

Get SALT Encoding   

  12  0:00  SCV  
  13  0:12  SCV  
  14  0:19  Supply Depot  
  14  0:24  SCV  
  15  0:40  SCV  
  16  0:44  Barracks  
  16  0:50  Refinery  
  16  0:54  SCV  
  17  1:06  SCV  
  18  1:19  SCV  
  19  1:32  Reaper  
  21  1:33  Orbital Command  
  20  1:48  Command Center  
  20  2:02  Supply Depot  
  20  2:03  SCV  
  20  2:06  Marine  
  22  2:13  Factory  
  22  2:16  SCV  
  22  2:20  Refinery  
  23  2:27  Barracks Reactor  
  23  2:28  SCV  
  24  2:40  SCV  
  24  2:52  SCV  
  25  3:05  Starport  
  25  3:06  SCV  
  26  3:16  Hellion x2  
  26  3:17  Barracks Tech Lab  
  26  3:18  SCV  
  31  3:20  Orbital Command  
  31  3:30  SCV  
  32  3:39  Hellion x2  
  36  3:46  Barracks Tech Lab  
  36  3:50  SCV  
  36  3:51  SCV  
  36  3:52  Supply Depot  
  38  4:02  SCV  
  39  4:03  SCV  
  39  4:04  Hellion x2  
  39  4:09  Cloaking Field  
  44  4:14  SCV  
  44  4:15  Supply Depot, SCV  
  46  4:26  SCV  
  46  4:28  SCV  
  48  4:32  Command Center  
  48  4:38  SCV  
  48  4:40  SCV  
  48  4:45  Banshee  
  53  4:50  SCV  
  53  4:52  Stimpack  
  54  4:57  Engineering Bay  
  54  4:59  Engineering Bay  
  54  5:00  SCV  
  54  5:03  SCV, Refinery  
  56  5:09  Supply Depot  
  56  5:12  SCV  
  57  5:15  SCV  
  57  5:16  Barracks  
  57  5:19  Barracks  
  58  5:22  Refinery  
  58  5:25  SCV  
  58  5:27  SCV  
  60  5:32  Marauder  
  60  5:33  Banshee  
  65  5:41  SCV  
  65  5:42  SCV  
  67  5:45  Terran Infantry Weapons Level 1  
  67  5:47  Barracks x2  
  67  6:00  SCV x2  
  67  6:03  Terran Infantry Armor Level 1  
  69  6:08  SCV  
  69  6:09  Barracks Reactor x2  
  70  6:12  SCV  
  70  6:15  SCV  
  69  6:22  Orbital Command  
  69  6:24  SCV  
  70  6:28  SCV  
  70  6:31  Supply Depot  
  71  6:36  SCV  
  72  6:40  SCV  
  72  6:41  Barracks Reactor x2  
  72  6:42  Marine  
  74  6:48  SCV  
  74  6:49  SCV  
  74  6:52  Marine x4  
  74  6:53  SCV, Medivac x2  
  88  6:54  Siege Tank  
  88  6:59  Factory  
  88  7:00  SCV  
  89  7:01  Supply Depot, SCV  
  89  7:05  SCV, Armory  
  91  7:12  SCV  
  91  7:13  SCV  
  93  7:19  Combat Shield  
  93  7:22  Marine x6  
  93  7:23  Supply Depot, Marauder  
  93  7:26  Marine x2  
  93  7:28  SCV  
  104  7:30  Refinery  
  104  7:37  Command Center  
  104  7:46  Marine x5  
  104  7:47  Marine x3  
  104  7:49  Siege Tank  
  115  7:52  SCV  
  115  7:53  Terran Infantry Weapons Level 2  
  115  7:55  SCV, Factory Tech Lab  
  117  8:10  Supply Depot  
  117  8:11  Supply Depot  
  117  8:13  SCV, Marine x7  
  117  8:15  Supply Depot  
  125  8:20  Marine  
  125  8:32  SCV x2, Marauder  
  125  8:33  SCV  
  130  8:35  Refinery  
  130  8:38  Concussive Shells, Marine  
  130  8:39  Marine x7  
  130  8:40  Siege Tank x2  
  144  8:44  SCV  
  144  8:45  Supply Depot  
  144  8:46  Supply Depot  
  144  8:47  SCV  
  146  8:54  Marauder  
  147  8:56  Marine  
  148  9:03  SCV  
  148  9:09  SCV  
  150  9:10  SCV  
  150  9:11  Marine x4  
  150  9:12  Siege Tank  
  150  9:13  Siege Tank  
  110  9:37  Marine  
  110  9:38  Marauder, Marine  
  100  9:40  Marine  
  100  9:41  Marine x3  
  86  9:55  Marine x3  
  86  9:59  Marauder  
  76  10:06  Marine x5  
  75  10:07  Siege Tank  
  75  10:08  SCV  
  83  10:17  Marine x3  
  83  10:20  Marine  
  77  10:23  Marine  
Show
View Real Time Build Order
Export as new Build Order

Pumba Zerg - Winner!

Build Orders: Pool First, Roach Hydra 

Get SALT Encoding   

  12  0:00  Drone  
  13  0:12  Overlord  
  13  0:17  Drone  
  14  0:31  Drone x2  
  16  0:35  Drone  
  17  0:47  Spawning Pool  
  17  0:48  Drone  
  17  1:09  Hatchery  
  16  1:13  Drone  
  16  1:17  Drone, Extractor  
  17  1:22  Drone  
  18  1:29  Drone  
  19  1:33  Queen  
  21  1:41  Overlord  
  21  1:50  Zergling x2  
  22  2:01  Drone  
  23  2:09  Queen  
  25  2:16  Drone  
  25  2:19  Metabolic Boost  
  26  2:23  Drone x2  
  27  2:40  Spore Crawler  
  27  2:42  Drone x2  
  28  2:44  Drone x2  
  28  2:48  Drone  
  28  2:49  Drone  
  33  2:54  Hatchery  
  32  3:01  Overlord  
  31  3:07  Drone x2  
  33  3:14  Queen, Drone  
  36  3:20  Overlord  
  36  3:21  Overlord  
  36  3:23  Drone  
  36  3:26  Drone x2  
  39  3:31  Drone x2  
  41  3:44  Zergling x4  
  43  3:53  Drone  
  43  3:54  Drone  
  45  3:56  Drone x7  
  52  4:03  Queen  
  52  4:08  Zergling x6  
  57  4:12  Overlord  
  57  4:24  Roach Warren  
  57  4:25  Drone  
  57  4:26  Drone x8  
  65  4:34  Zergling x4  
  67  4:45  Overlord  
  67  4:46  Overlord x2  
  67  4:51  Spore Crawler  
  67  4:52  Spore Crawler  
  65  4:53  Spore Crawler  
  64  5:00  Spore Crawler, Lair  
  64  5:04  Drone x9  
  64  5:05  Drone  
  73  5:13  Extractor  
  72  5:14  Drone x3, Extractor  
  72  5:16  Extractor  
  72  5:17  Extractor  
  72  5:18  Extractor  
  71  5:25  Drone x3  
  74  5:31  Roach x3  
  74  5:33  Roach x3  
  86  5:42  Drone x6  
  92  5:50  Queen  
  92  5:51  Queen  
  96  6:04  Glial Reconstitution  
  95  6:05  Overseer  
  95  6:09  Drone x3  
  98  6:11  Overlord x3  
  98  6:12  Overlord x2  
  98  6:26  Hydralisk Den, Hatchery, Evolution Chamber  
  98  6:32  Evolution Chamber  
  94  6:33  Drone  
  94  6:35  Drone x2  
  94  6:39  Overlord x3  
  97  6:42  Roach x6  
  109  6:47  Overseer  
  108  7:07  Roach x11  
  134  7:08  Roach x3  
  134  7:10  Zerg Ground Armor Level 1, Zerg Missile Weapons Level 1  
  134  7:12  Grooved Spines  
  136  7:25  Overlord x4  
  136  7:26  Overlord  
  136  7:27  Overseer  
  136  7:42  Drone x2  
  138  7:52  Roach x9, Extractor x2  
  138  7:55  Spore Crawler, Hydralisk x4  
  161  8:13  Overlord  
  161  8:23  Muscular Augments  
  158  8:28  Hydralisk x13  
  158  8:29  Hydralisk x3  
  190  8:51  Hydralisk x5  
  177  9:35  Hydralisk x8  
  177  9:37  Overlord x2  
Tags
 
Add a new tag
Caveats
  • Supply blocks, unpowered buildings, or Contaminate may cause inaccurate times.
  • Supply counts are checked every 10 seconds.